 Dungeon Crawl Stone Soup version 0.30-b1-5-g8e6c1be481 (webtiles) character file.

Game seed: 11487280608231276445

349065 workbot the Conqueror (level 21, -3/245 (246) HPs)
             Began as a Minotaur Berserker on May 3, 2023.
             Was the Champion of Trog.
             Hit by a large rock thrown by a stone giant (16 damage)
             ... on level 5 of the Vaults on May 4, 2023.
             The game lasted 02:25:22 (33479 turns).

workbot the Conqueror (Minotaur Berserker)         Turns: 33479, Time: 02:25:22

HP:   -3/245 (246)  AC: 38    Str: 30    XL:     21   Next: 24%
MP:   20/20         EV: 10    Int:  8    God:    Trog [******]
Gold: 3300          SH:  5    Dex: 13    Spells: 20/20 levels left

rFire   . . .        C - +4 battleaxe (heavy)
rCold   + . .        (shield currently unavailable)
rNeg    . . .        y - +2 plate armour {rPois}
rPois   +            g - +2 hat
rElec   .            H - +2 cloak {Will+}
rCorr   +            i - +2 pair of gloves of Kihizor {Rampage rC+}
SInv    .            h - +2 pair of boots
Will    ++++.        t - amulet "Temull" {Reflect Will- Regen+ Int+4 SH+5} Stlth
                     J - ring of Qupeeb {rCorr Slay+5}
HPRegen 2.40/turn    n - ring of flight
MPRegen 0.17/turn

%: reflection, rampage
@: strong-willed, flying, regenerating, lightly drained
A: horns 2, retaliatory headbutt, strong-willed 1, robust 1
}: 2/15 runes: decaying, gossamer
a: Renounce Religion, Berserk, Trog's Hand, Brothers in Arms


You were on level 5 of the Vaults.
You worshipped Trog.
Trog was exalted by your worship.
You visited 7 branches of the dungeon, and saw 36 of its levels.
You also visited: Gauntlet.

You collected 3495 gold pieces.
You spent 195 gold pieces at shops.

Inventory:

Hand Weapons
 m - a +8 heavy triple sword
 z - the +5 executioner's axe of Mamapt {flame, rC+ rN+ Str+3}
   (Trog gifted it to you on level 14 of the Dungeon)

   Str:       It affects your strength (+3).
   rC:        It protects you from cold.
   rN:        It protects you from negative energy.
 C - a +4 heavy battleaxe (weapon)
Armour
 g - a +2 hat (worn)
 h - a +2 pair of boots (worn)
 i - the +2 pair of gloves of Kihizor (worn) {Rampage rC+}
   (You found it on level 8 of the Dungeon)

   rC:        It protects you from cold.
   Rampage:   It bestows one free step when moving towards enemies.
 y - a +2 plate armour of poison resistance (worn)
 H - a +2 cloak of willpower (worn)
Jewellery
 e - an amulet of regeneration
 n - a ring of flight (right hand)
 o - a +5 ring of evasion
 s - a ring of protection from fire
 t - the amulet "Temull" (around neck) {Reflect Will- Regen+ Int+4 SH+5}
   (You found it on level 7 of the Dungeon)

   [amulet of reflection]

   It reflects blocked missile attacks.
   Int:       It affects your intelligence (+4).
   Regen:     It increases your rate of health regeneration.
   SH:        It affects your SH (+5).
   Will:      It decreases your willpower.
 E - a ring of poison resistance
 G - the ring "Wuuwody" {Str+6 Slay+3 Stlth+}
   (You took it off a vault guard on level 5 of the Vaults)

   [ring of strength]

   Str:       It affects your strength (+6).
   Slay:      It affects your accuracy & damage with ranged weapons and melee
   (+3).
   Stlth:     It makes you more stealthy.
 I - a ring of see invisible
 J - the ring of Qupeeb (left hand) {rCorr Slay+5}
   (You found it on level 3 of the Vaults)

   [ring of resist corrosion]

   Slay:      It affects your accuracy & damage with ranged weapons and melee
   (+5).
   rCorr:     It protects you from acid and corrosion.
 K - the ring of Pofanaza {rPois rCorr MP+9 Int+3}
   (You found it on level 4 of the Vaults)

   [ring of magical power]

   Int:       It affects your intelligence (+3).
   rPois:     It protects you from poison.
   MP:        It affects your magic capacity (+9).
   rCorr:     It protects you from acid and corrosion.
Scrolls
 a - 3 scrolls of fear
 f - 7 scrolls of blinking
 l - 3 scrolls of fog
 r - 29 scrolls of identify
 w - 5 scrolls of poison
 F - 2 scrolls of silence
Potions
 b - 10 potions of curing
 c - 2 potions of cancellation
 j - 2 potions of heal wounds
 k - 10 potions of lignification
 q - 4 potions of might
 u - 2 potions of haste
 v - 4 potions of berserk rage
 A - 6 potions of flight
 B - 5 potions of ambrosia
 D - a potion of magic
Miscellaneous
 x - a phial of floods (inert)


   Skills:
 O Level 27 Fighting
 + Level 24.3 Axes
 * Level 26.6 Armour
 - Level 2.1 Dodging
 - Level 1.2 Stealth
 - Level 0.6 Shields
 + Level 0.6 Evocations


You had 20 spell levels left.
You didn't know any spells.
Your spell library contained the following spells:

 Spells                   Type           Power      Damage    Failure   Level
 Magic Dart               Conj           0%         1d3       77%         1
 Blink                    Tloc           0%         N/A       88%         2
 Call Imp                 Summ           0%         N/A       88%         2
 Lesser Beckoning         Tloc           0%         N/A       88%         2
 Momentum Strike          Conj/Tloc      0%         3d8       88%         2
 Sublimation of Blood     Necr           0%         N/A       88%         2
 Ignite Poison            Fire/Tmut/Pois 0%         N/A       98%         3
 Mephitic Cloud           Conj/Pois/Air  0%         N/A       98%         3
 Summon Guardian Golem    Hex/Summ       0%         N/A       98%         3
 Petrify                  Tmut/Erth      0%         N/A       100%        4
 Summon Lightning Spire   Summ/Air       0%         N/A       100%        4
 Irradiate                Conj/Tmut      0%         3d11      100%        5
 Summon Forest            Summ/Tloc      0%         N/A       100%        5
 Summon Mana Viper        Hex/Summ       0%         N/A       100%        5
 Summon Cactus Giant      Summ           0%         N/A       100%        6


Dungeon Overview and Level Annotations

Branches:
Dungeon (15/15)            Temple (0/1) D:7            Lair (5/5) D:10
  Swamp (4/4) Lair:3       Spider (4/4) Lair:2        Slime (0/5) Lair:5
    Orc (2/2) D:9             Elf (1/3) Orc:2        Vaults (5/5) D:13
  Crypt (0/3) Vaults:3     Depths (0/4) D:15        Gauntlet (visited)

Altars:
Cheibriados
Dithmenos
Elyvilon
Gozag
Kikubaaqudgha
Nemelex Xobeh
Okawaru
Uskayaw
Vehumet
Jiyva

Shops:
D:6 !   D:7 (   D:9 **(   Orc:2 [[?[   Vaults:3 [   Vaults:4 (


Innate Abilities, Weirdness & Mutations

You have a pair of horns on your head.
You reflexively headbutt those who attack you in melee.
You are strong-willed. (Will+)
You are robust. (+10% HP)


Message History

The frost giant hits you with a +2 battleaxe of freezing!
* * * LOW HITPOINT WARNING * * *
You block the titan's attack.
As you read the scroll of teleportation, it crumbles to dust.
You feel strangely unstable.
The frost giant hits you with a +2 battleaxe of freezing!
* * * LOW HITPOINT WARNING * * *
The frost giant freezes you.
* * * LOW HITPOINT WARNING * * *
The titan hits you but does no damage.
You slice the frost giant!! You headbutt the frost giant!
The frost giant is almost dead.
You slice the titan!!
The titan gestures at you while chanting.
The bolt of lightning hits you!!
* * * LOW HITPOINT WARNING * * *
The frost giant barely misses you. You furiously retaliate!
You headbutt the frost giant!!
You kill the frost giant!
Trog accepts your kill.
Trog appreciates your killing of a magic user.
You hear a shout! x4
You barely miss the titan. You headbutt the titan.
The titan is heavily wounded.
You closely miss the shadow dragon. The titan hits you but does no damage.
The shadow dragon closely misses you. You furiously retaliate!
You headbutt the shadow dragon! The shadow dragon claws you.
* * * LOW HITPOINT WARNING * * *
The shadow dragon barely misses you.
An azure jelly comes into view.
You slice the titan!!
The titan is severely wounded.
You slash the shadow dragon!
Your surroundings suddenly seem different.
A wyvern, a vault warden, an ironbound frostheart and a vault guard come into view.
The vault warden is wielding a +2 great sword of holy wrath.
The vault guard is wielding a +1 morningstar of draining.
You hear a shout!
The vault guard shouts!
You hear a shout!
The vault warden activates a sealing rune.
The stone giant throws a large rock.
The large rock hits you!
You die...

.:..# #J...# ..p##
#....# #pB##
#....# #.)# #....#
##W.# #....#
#.C.#....#
.##..#....#
.##.#....# .
.###p@..# .#
.##....#.#.
#......p..#
#######.p....p.##
.........[<<.....
.......l[<.C<.....
.........<<......
.......{........
######.).).....##


You could see a stone giant, a vault warden, 2 vault guards, an ironbound
frostheart and a wyvern.

Vanquished Creatures
  Xtahua (Vaults:3)
  Arachne (Spider:3)
  2 tentacled monstrosities
  A quicksilver dragon (Vaults:5)
  A titan (Vaults:5)
  Kirke (Swamp:1)
  3 sphinxes
  A thorn hunter (Swamp:4)
  The ghost of Segg the Thaumaturge, an adept GnSk of Makhleb (Orc:2)
  2 tengu reavers (Vaults:5)
  A shadow dragon (Vaults:5)
  Donald (Swamp:1)
  A fenstrider witch (Swamp:3)
  A fire giant (Vaults:5)
  A frost giant (Vaults:5)
  7 emperor scorpions
  A frost giant (shapeshifter) (Vaults:5)
  Louise (Spider:2)
  4 ghost moths
  24 vault wardens
  4 orc warlords
  14 ironbound preservers
  3 ghouls (Swamp:3)
  6 ironbound thunderhulks
  2 war gargoyles
  A stone giant (Vaults:5)
  5 eleionomae
  4 broodmothers
  A deep elf demonologist (Elf:1)
  4 bunyips
  8 dire elephants
  A minotaur (Gauntlet)
  2 deep elf annihilators (Vaults:5)
  2 deep elf death magi (Vaults:5)
  5 ettins (Vaults:5)
  A spark wasp (Spider:3)
  2 crystal guardians
  A shambling mangrove (Swamp:4)
  A blizzard demon (Gauntlet)
  The ghost of Veudig the Severer, a journeyman HOFi of Dithmenos (Orc:2)
  5 entropy weavers
  12 yaktaur captains
  4 great orbs of eyes
  7 hydras
  3 deep elf high priests
  2 peacekeepers
  40 vault guards
  A catoblepas (D:14)
  2 ghost crabs
  12 ironbound frosthearts
  2 radroaches
  A death knight (D:15)
  A jorogumo (Spider:3)
  A satyr (shapeshifter) (Vaults:1)
  8 alligators
  15 centaur warriors
  7 boulder beetles
  4 death yaks (Lair:4)
  Urug (Orc:1)
  4 orc high priests (Orc:2)
  Sonja (Orc:1)
  A deep elf knight (Vaults:5)
  A fire crab (Gauntlet)
  3 sun moths
  2 skysharks
  10 skeletal warriors
  4 spriggan druids
  A sixfirhy (Gauntlet)
  3 goliath frogs
  A pharaoh ant (Spider:2)
  30 deep trolls
  A deep troll (shapeshifter) (Vaults:5)
  10 swamp dragons
  15 orb spiders
  18 lindwurms
  4 bog bodies
  5 harpies (Vaults:1)
  Pikel (D:6)
  A deep elf archer (Vaults:5)
  6 wizards
  14 orc knights
  15 ironbound convokers
  A phantasmal warrior (D:15)
  4 deep elf zephyrmancers
  3 steelbarb worms
  2 necromancers
  2 oklob plants (Lair:4)
  A stone giant zombie (D:15)
  18 ugly things
  6 orc sorcerers (Orc:2)
  19 wolf spiders
  3 cyclopes
  6 will-o-the-wisps
  8 deep elf pyromancers
  A frost giant skeleton (D:15)
  4 manticores
  A moth of wrath (Spider:3)
  A torpor snail (shapeshifter) (Vaults:5)
  5 torpor snails
  A titan simulacrum (Vaults:2)
  An ice statue (D:15)
  5 black mambas
  10 demonic crawlers
  3 gargoyles
  21 vault sentinels
  23 cane toads
  2 unseen horrors (D:12)
  A kobold demonologist (D:9)
  27 yaktaurs
  4 rime drakes
  An ice devil (Gauntlet)
  A tengu conjurer (D:14)
  4 komodo dragons
  12 tyrant leeches
  A merfolk (shapeshifter) (Vaults:5)
  3 meliai (D:12)
  A bloated husk (Swamp:2)
  A meliai (shapeshifter) (Vaults:5)
  12 trolls
  23 tarantellas
  12 hornets
  4 polar bears
  21 blink frogs
  4 dream sheep
  A dream sheep (shapeshifter) (Vaults:5)
  28 slime creatures
  45 jumping spiders
  2 centaur simulacra
  25 culicivoras
  A wyvern (Lair:5)
  A spriggan skeleton (D:15)
  A wyvern (shapeshifter) (Vaults:5)
  A water elemental (D:14)
  An ettin skeleton (D:15)
  9 spriggans
  2 wraiths
  29 yaks
  2 steam dragons
  A hog (shapeshifter) (D:13)
  2 hogs (Swamp:1)
  17 humans (D:13)
  75 redbacks
  2 fire bats (Gauntlet)
  2 basilisks
  10 vampire mosquitoes
  Menkaure (D:6)
  6 wargs
  2 acid dragons
  6 water moccasins
  16 swamp worms
  2 ice beasts
  A floating eye (Lair:4)
  3 sky beasts
  4 black bears
  4 swamp drakes (Swamp:4)
  28 orc warriors
  13 centaurs
  4 ogres
  16 wolves
  4 lemures (D:6)
  2 phantoms
  4 kobold brigands
  22 bullfrogs
  3 gnoll sergeants
  5 scorpions
  8 wights
  14 killer bees
  5 electric eels
  9 howler monkeys
  A crimson imp (D:15)
  7 hounds
  A jelly (D:3)
  14 orc priests
  2 iguanas
  A sleepcap (D:5)
  Natasha (thrice) (D:3)
  Ijyb (D:5)
  21 orc wizards
  A mummy (D:7)
  Robin (D:3)
  10 adders
  18 gnolls
  5 white imps
  8 ufetubi
  A worm (D:2)
  4 dart slugs
  55 orcs
  5 ball pythons
  5 endoplasms
  A giant cockroach (D:2)
  10 hobgoblins
  5 jackals
  A quokka (D:1)
  7 bats
  3 frilled lizards (D:1)
  12 goblins
  19 kobolds
  4 rats
1351 creatures vanquished.

Vanquished Creatures (collateral kills)
  The ghost of Segg the Thaumaturge, an adept GnSk of Makhleb (Orc:2)
  An ironbound thunderhulk (Vaults:2)
  A deep elf high priest (Vaults:2)
  3 hydras (Swamp:4)
  A spriggan air mage (Swamp:4)
  An alligator (Swamp:4)
  2 swamp dragons (Swamp:4)
  A lindwurm (Swamp:4)
  2 wargs
  2 swamp drakes (Swamp:4)
  3 orc warriors (Orc:2)
  3 orcs
21 creatures vanquished.

Vanquished Creatures (others)
  A wizard (Vaults:3)
  A deep elf archer (Vaults:5)
  A manticore (D:15)
  4 bloated husks
  A tyrant leech (Swamp:4)
  A human (Swamp:1)
  12 foxfires
  20 fungi
  93 plants
  4 withered plants (D:15)
138 creatures vanquished.

Grand Total: 1510 creatures vanquished

Notes
Turn   | Place    | Note
-------+----------+-------------------------------------------
     0 | D:1      | workbot the Minotaur Berserker began the quest for the Orb.
     0 | D:1      | Reached XP level 1. HP: 19/19 MP: 0/0
   205 | D:1      | Reached XP level 2. HP: 22/26 MP: 1/1
   600 | D:1      | Reached skill level 5 in Axes
   725 | D:1      | Reached XP level 3. HP: 31/31 MP: 2/2
  1058 | D:2      | Reached ** piety under Trog
  1195 | D:2      | Found a white marble altar of Elyvilon.
  1245 | D:2      | Found a faded altar of an unknown god.
  1350 | D:2      | Reached XP level 4. HP: 39/39 MP: 3/3
  1625 | D:3      | Reached XP level 5. HP: 28/45 MP: 4/4
  1798 | D:3      | Reached XP level 6. HP: 51/51 MP: 5/5
  1833 | D:3      | Found a hide-covered altar of Uskayaw.
  1851 | D:3      | Noticed Robin
  1852 | D:3      | Noticed Natasha
  1868 | D:3      | Killed Robin
  1870 | D:3      | Killed Natasha
  2063 | D:3      | Noticed Natasha
  2068 | D:3      | Killed Natasha
  2135 | D:3      | Noticed Natasha
  2144 | D:3      | Killed Natasha
  2285 | D:4      | Found an ancient bone altar of Kikubaaqudgha.
  2332 | D:4      | Found a shadowy altar of Dithmenos.
  2394 | D:4      | Reached XP level 7. HP: 57/57 MP: 3/6
  2396 | D:4      | Reached *** piety under Trog
  2397 | D:4      | Reached skill level 10 in Axes
  2863 | D:4      | Identified a scroll of acquirement
  2863 | D:4      | Acquired a +2 vampiric war axe
  2883 | D:5      | Entered Level 5 of the Dungeon
  3133 | D:5      | Noticed Ijyb
  3136 | D:5      | Killed Ijyb
  3168 | D:5      | Reached XP level 8. HP: 33/64 MP: 3/7
  4106 | D:6      | Found a sparkling altar of Nemelex Xobeh.
  4136 | D:6      | Noticed Menkaure
  4142 | D:6      | Killed Menkaure
  4360 | D:6      | Noticed Pikel
  4443 | D:6      | Reached skill level 1 in Stealth
  4666 | D:6      | Found Puxzaod's Distillery.
  4859 | D:6      | Killed Pikel
  4860 | D:6      | Reached XP level 9. HP: 70/70 MP: 8/8
  5194 | D:7      | Found a staircase to the Ecumenical Temple.
  5275 | D:7      | Found Wililomips's Antique Weapon Shop.
  5281 | D:7      | Identified the amulet "Temull" {Reflect Will- Regen+ Int+4
                  | SH+5}
  5361 | D:7      | Reached skill level 15 in Axes
  5381 | D:7      | Found an iron altar of Okawaru.
  5806 | D:7      | Found a snail-covered altar of Cheibriados.
  6051 | D:7      | Reached **** piety under Trog
  6087 | D:8      | Reached skill level 4 in Fighting
  6141 | D:8      | Reached skill level 5 in Fighting
  6174 | D:8      | Found a radiant altar of Vehumet.
  6188 | D:8      | Identified the +2 pair of gloves of Kihizor {Rampage rC+}
  6366 | D:8      | Reached XP level 10. HP: 83/83 MP: 9/9
  6708 | D:9      | Reached skill level 6 in Fighting
  6723 | D:9      | Found Kayvahan's Assorted Antiques.
  6760 | D:9      | Bought a scroll of enchant weapon for 195 gold pieces
  6807 | D:9      | Reached skill level 7 in Fighting
  6813 | D:9      | Noticed a smoke demon
  6824 | D:9      | Reached skill level 5 in Armour
  6838 | D:9      | Found Paitong's General Store.
  6861 | D:9      | Reached ***** piety under Trog
  6931 | D:9      | Found Berecosm's Weapon Shop.
  6941 | D:9      | Found an opulent altar of Gozag.
  6954 | D:9      | Reached skill level 8 in Fighting
  7048 | D:9      | Found a staircase to the Orcish Mines.
  7261 | D:10     | Entered Level 10 of the Dungeon
  7298 | D:10     | Reached skill level 9 in Fighting
  7378 | D:10     | Reached skill level 10 in Fighting
  7438 | D:10     | Gained mutation: You are robust. (+10% HP) [potion of
                  | mutation]
  7438 | D:10     | Gained mutation: You are strong-willed. (Will+) [potion of
                  | mutation]
  7593 | D:10     | Found a staircase to the Lair.
  7630 | D:10     | Reached XP level 11. HP: 111/111 MP: 10/10
  7703 | D:10     | Reached skill level 11 in Fighting
  7818 | Lair:1   | Entered Level 1 of the Lair of Beasts
  7949 | Lair:1   | Reached skill level 12 in Fighting
  8243 | Lair:1   | You fall into a shaft and drop 1 floor!
  8549 | Lair:1   | Reached skill level 13 in Fighting
  8976 | Lair:2   | Reached skill level 14 in Fighting
  9189 | Lair:2   | Reached ****** piety under Trog
  9190 | Lair:2   | Reached skill level 10 in Armour
  9207 | Lair:2   | Reached XP level 12. HP: 128/128 MP: 11/11
  9280 | Lair:2   | Received a gift from Trog
  9324 | Lair:2   | Found a hole to the Spider Nest.
 10137 | Lair:3   | Reached skill level 15 in Fighting
 10327 | Lair:3   | Found a staircase to the Swamp.
 10693 | Lair:4   | Noticed a death yak
 10697 | Lair:4   | Noticed a death yak
 10702 | Lair:4   | Killed a death yak
 10704 | Lair:4   | Noticed a death yak
 10705 | Lair:4   | Noticed a death yak
 10713 | Lair:4   | Killed a death yak
 10715 | Lair:4   | Killed a death yak
 10717 | Lair:4   | Killed a death yak
 11002 | Lair:4   | Paralysed by a floating eye for 2 turns
 11010 | Lair:4   | Reached XP level 13. HP: 99/139 MP: 12/12
 11365 | Lair:5   | Entered Level 5 of the Lair of Beasts
 11444 | Lair:5   | Received a gift from Trog
 11701 | Lair:4   | Reached skill level 16 in Fighting
 11803 | Lair:5   | Found a staircase to the Slime Pits.
 11805 | Lair:5   | Found a viscous altar of Jiyva.
 12008 | Lair:5   | Identified the +0 war axe of Wepawn {elec, rCorr}
 12089 | Lair:5   | Identified the +3 leather armour "Origudon" {Regen+}
 12354 | Lair:5   | Got the Guidebook on Collective Blight
 13305 | D:12     | Reached XP level 14. HP: 115/151 MP: 13/13
 13558 | D:12     | Received a gift from Trog
 13565 | D:12     | Reached skill level 17 in Fighting
 13828 | Orc:1    | Entered Level 1 of the Orcish Mines
 13835 | Orc:1    | Noticed Urug
 13907 | Orc:1    | Noticed Sonja
 13918 | Orc:1    | Killed Sonja
 14017 | Orc:1    | Noticed an orc warlord
 14054 | Orc:1    | Killed Urug
 14120 | Orc:1    | Killed an orc warlord
 14286 | Orc:2    | Entered Level 2 of the Orcish Mines
 14286 | Orc:2    | Found a gate leading to a gauntlet.
 14363 | Gauntlet | Entered a Gauntlet
 14363 | Gauntlet | Found a runed translucent gate.
 14363 | Gauntlet | Found a transporter.
 14363 | Gauntlet | Found a transporter.
 14363 | Gauntlet | Found a transporter.
 14364 | Gauntlet | Found a transporter.
 14365 | Gauntlet | Found a transporter.
 14366 | Gauntlet | Found a runed translucent gate.
 14367 | Gauntlet | Found a runed translucent gate.
 14368 | Gauntlet | Found a transporter.
 14377 | Gauntlet | Found a transporter.
 14377 | Gauntlet | Found a transporter.
 14378 | Gauntlet | Found a transporter.
 14379 | Gauntlet | Found a transporter.
 14387 | Gauntlet | Found a transporter.
 14388 | Gauntlet | Found a transporter.
 14838 | Orc:2    | Found a staircase to the Elven Halls.
 14954 | Orc:2    | Noticed an orc warlord
 14960 | Orc:2    | Identified the +3 executioner's axe of Anarchy {flame,
                  | rElec Stlth+} (Trog gifted it to you on level 2 of the
                  | Orcish Mines)
 14960 | Orc:2    | Received a gift from Trog
 14969 | Orc:2    | Killed an orc warlord
 14970 | Orc:2    | Reached skill level 18 in Fighting
 15175 | Orc:2    | Found Corek's Antique Armour Emporium.
 15295 | Orc:2    | Found Tistuo's Antique Armour Boutique.
 15302 | Orc:2    | Found Etea's Magic Scroll Boutique.
 15312 | Orc:2    | Found Xuonkal's Antique Armour Emporium.
 15446 | Orc:2    | Found a runed translucent gate.
 15446 | Orc:2    | Found a runed translucent gate.
 15446 | Orc:2    | Found a runed translucent gate.
 15451 | Orc:2    | Noticed Veudig's ghost (journeyman HOFi)
 15451 | Orc:2    | Noticed Segg's ghost (adept GnSk)
 15451 | Orc:2    | Noticed Segg's ghost (adept GnSk)
 15461 | Orc:2    | Killed Veudig's ghost
 15465 | Orc:2    | Killed Segg's ghost
 15471 | Orc:2    | Killed Segg's ghost
 15478 | Orc:2    | Reached skill level 19 in Fighting
 15514 | Orc:2    | Reached XP level 15. HP: 167/167 MP: 14/14
 16283 | D:13     | Found a gate to the Vaults.
 16289 | D:13     | Reached XP level 16. HP: 177/177 MP: 15/15
 16714 | D:14     | Identified the +5 executioner's axe of Mamapt {flame, rC+
                  | rN+ Str+3} (Trog gifted it to you on level 14 of the
                  | Dungeon)
 16714 | D:14     | Received a gift from Trog
 16910 | D:14     | Reached skill level 20 in Fighting
 17145 | D:14     | Identified the ring of Bifowoar {Wiz +Blink rElec MP+9}
 17352 | D:15     | Entered Level 15 of the Dungeon
 17781 | D:15     | Found a staircase to the Depths.
 18307 | D:15     | Received a gift from Trog
 18711 | Swamp:1  | Entered Level 1 of the Swamp
 18731 | Swamp:1  | Noticed Kirke
 18750 | Swamp:1  | Killed Kirke
 18781 | Swamp:1  | Reached skill level 21 in Fighting
 18796 | Swamp:1  | Noticed Donald
 18801 | Swamp:1  | Killed Donald
 19403 | Swamp:2  | Identified the +2 leather armour of Ofaicw {rC- Regen+
                  | Str+5 Dex+3}
 20128 | Swamp:3  | Reached skill level 22 in Fighting
 20143 | Swamp:3  | Reached XP level 17. HP: 70/193 MP: 16/16
 20475 | Swamp:4  | Entered Level 4 of the Swamp
 20549 | Swamp:4  | Received a gift from Trog
 20872 | Swamp:4  | Reached skill level 23 in Fighting
 20971 | Swamp:4  | Got a decaying rune of Zot
 21207 | Swamp:4  | Noticed a tentacled monstrosity
 21216 | Swamp:4  | Killed a tentacled monstrosity
 21440 | Spider:1 | Entered Level 1 of the Spider Nest
 21783 | Spider:1 | Received a gift from Trog
 22810 | Spider:1 | Reached skill level 24 in Fighting
 23084 | Spider:2 | Received a gift from Trog
 23272 | Spider:2 | Identified the +5 trident of Tumap {flame, Int+2}
 23407 | Spider:2 | Reached XP level 18. HP: 197/210 MP: 17/17
 23486 | Spider:2 | Noticed Louise
 23505 | Spider:2 | Killed Louise
 24177 | Spider:3 | Noticed Arachne
 24197 | Spider:3 | Killed Arachne
 24226 | Spider:3 | Reached skill level 25 in Fighting
 24259 | Spider:3 | Received a gift from Trog
 24468 | Spider:3 | Identified the ring of the Greedy {Fly rF+++ rN++ EV+5
                  | Str-2}
 24920 | Spider:4 | Entered Level 4 of the Spider Nest
 25615 | Spider:4 | Got a gossamer rune of Zot
 25941 | Spider:4 | Received a gift from Trog
 26419 | Elf:1    | Entered Level 1 of the Elven Halls
 26505 | Elf:1    | Reached skill level 26 in Fighting
 26653 | Vaults:1 | Entered Level 1 of the Vaults
 26981 | Vaults:1 | Reached XP level 19. HP: 191/225 MP: 18/18
 27109 | Vaults:1 | Received a gift from Trog
 27311 | Vaults:1 | Reached skill level 27 in Fighting
 28482 | Vaults:2 | Received a gift from Trog
 28902 | Vaults:2 | Identified the +5 scale mail of Panentheism {Dex+3 Slay+3}
 29366 | Vaults:3 | Identified the ring of Qupeeb {rCorr Slay+5}
 29489 | Vaults:3 | Received a gift from Trog
 29713 | Vaults:3 | Noticed Xtahua
 29738 | Vaults:3 | Killed Xtahua
 29750 | Vaults:3 | HP: 4/227 [ironbound thunderhulk/bolt of lightning (38)]
 29950 | Vaults:3 | Reached XP level 20. HP: 149/237 MP: 19/19
 30188 | Vaults:3 | Found a staircase to the Crypt.
 30463 | Vaults:3 | Received a gift from Trog
 30591 | Vaults:3 | Found Owao's Armour Shop.
 30770 | Vaults:3 | Found the +7 captain's cutlass {speed, disarm}
 31597 | Vaults:4 | Found Luskugit's Weapon Boutique.
 31807 | Vaults:4 | Received a gift from Trog
 32240 | Vaults:4 | Identified the ring of Pofanaza {rPois rCorr MP+9 Int+3}
 32561 | Vaults:5 | Entered Level 5 of the Vaults
 32794 | Vaults:5 | Identified the ring "Wuuwody" {Str+6 Slay+3 Stlth+}
 32881 | Vaults:5 | Received a gift from Trog
 33047 | Vaults:5 | Reached XP level 21. HP: 223/246 MP: 20/20
 33459 | Vaults:5 | Received a gift from Trog
 33468 | Vaults:5 | HP: 5/239 [quicksilver dragon/bolt of dispelling energy
                  | (34)]
 33478 | Vaults:5 | HP: 11/245 [shadow dragon (6)]
 33479 | Vaults:5 | Hit by a large rock thrown by a stone giant

Illustrated notes

Levels and vault maps discovered:
D:1:      minmay_arrival_glassed_features, layout_basic, palyth_stone_intersect
D:2:      layout_loops_cross, ebering_ecumenical_altar_abandoned, basic_altar
D:3:      layout_rooms, overflow_temple_1_default, fountainhead, uniq_natasha,
          uniq_robin
D:4:      kennysheep_six_static_rooms, layout_rooms, kiku_gazebo_pond_becter,
          grunt_dithmenos_smoke_and_mirrors, serial_bayou_lake_a
D:5:      layout_layer_cave, minmay_misc_feat_hallway, minivault_5,
          nicolae_eternal_life, uniq_ijyb
D:6:      layout_layer_cave, kennysheep_little_box, serial_shops,
          nicolae_shop_statue_plus, uniq_pikel, uniq_menkaure
D:7:      layout_basic, nicolae_overflow_hidden_temple, slow_altar_2,
          minmay_temple_entry_statues_pillars, serial_shops, shop
D:8:      layout_loops_ring, mainiacjoe_overflow_tiny_flanked, dk_noncrumbling_4
D:9:      layout_roguey, mainiacjoe_overflow_chevrons,
          minmay_orc_entry_temple_small, serial_shops, shop, shop, shop
D:10:     layout_rooms, grunt_lair_entry_orc_guard_hut
D:11:     layout_cave_pools
D:12:     layout_rooms, serial_aquarium, aquarium_bridge_straight
          [aquarium_subvault_bridge, aquarium_subvault_wall,
          aquarium_subvault_bridge, aquarium_subvault_window],
          aquarium_window_2, aquarium_window_2, aquarium_view_2c,
          aquarium_view_2c
D:13:     layout_basic, grunt_vaults_entry_tiered
D:14:     layout_roguey, kennysheep_cross_room
D:15:     gammafunk_depths_entry_grave, layout_rooms, minmay_tree_intersection,
          minivault_15, corexii_hall_statues_u, lightli_wizard_tower
Lair:1:   layout_hall_layers, lemuel_fruit_tree, serial_bayou_shore_a,
          serial_bayou_shore_b
Lair:2:   layout_cave_pods, spider_nest_entry_webs
Lair:3:   layout_chaotic_city, minmay_swamp_entry_eels, worms_lemuel
Lair:4:   layout_regular_city, disabler_island
Lair:5:   minmay_lair_end_frog_pond, layout_regular_city,
          dpeg_slime_entry_corner, serial_bayou_shore_b
Swamp:1:  nicolae_swamp_long_stream, layout_basic_swamp,
          evilmike_swamp_ruin_rubble_1, swamp_pool2, infiniplex_staircase_pool,
          uniq_kirke, uniq_donald
Swamp:2:  layout_basic_swamp, serial_swamp_ruin, evilmike_swamp_ruin_house_1,
          evilmike_swamp_ruin_house_6, evilmike_swamp_ruin_house_3,
          infiniplex_staircase_pool_2
Swamp:3:  layout_falls_marsh, nicolae_swamp_bean_lake
Swamp:4:  swamp_alternative, layout_basic_swamp
Spider:1: layout_chambers, hangedman_spider_tarantella_strand
Spider:2: nicolae_spider_mines_2, nicolae_spider_spiderdrome, uniq_louise
Spider:3: layout_chambers, uniq_arachne
Spider:4: spider_rune_water, nicolae_spider_baby_got_redback
Orc:1:    layout_caves, nicolae_orc_sculptors_studio, bloody_makhleb, uniq_urug,
          uniq_harold, uniq_sonja
Orc:2:    st_orc_elflike, layout_caves, gauntlet_entry_generic,
          gammafunk_ghost_cemetery
Elf:1:    eino_elf_arrival_customs, layout_geoelf_grid, basic_altar,
          hangedman_elven_crosses_minicolossus, minmay_shop_star
Vaults:1: st_lattice, nicolae_vaults_rhombus_5, v_misc_26,
          nicolae_vaults_closet_pinwheel_5, v_pattern_1,
          hangedman_vaults_stream, v_misc_10, hangedman_vaults_maws,
          nicolae_vaults_circle_grid_a, nicolae_vaults_hallways_thing,
          nicolae_vaults_trapezoid_4, nicolae_vaults_little_squares_6,
          nicolae_vaults_cochlea, nicolae_vaults_trapezoid_lopsided_1,
          layout_vaults_ring
Vaults:2: hangedman_vaults_restitches, nicolae_vaults_spaceships, serial_ice_g,
          v_misc_12, nicolae_vaults_murderbox, v_alt_pattern_2,
          nicolae_vaults_cornered_office, nicolae_vaults_rhombus_6,
          layout_vaults_quadrants
Vaults:3: hangedman_vaults_slice, nicolae_vaults_little_squares_4,
          nicolae_vaults_taking_the_gang_shopping,
          nicolae_vaults_bisected_inception, vaults_room_ringed_pool,
          v_pattern_2, nicolae_vaults_hexular_roomagon,
          nicolae_vaults_closet_pinwheel_2, nicolae_vaults_six-pack,
          nicolae_vaults_more_shelving_1, nicolae_vaults_trapezoid_1,
          vaults_room_semicircle, nicolae_vaults_rhombus_6,
          nicolae_vaults_tetromino_T_2, nicolae_vaults_trapezoid_lopsided_1,
          layout_vaults_omnicross, serial_glass, uniq_xtahua
Vaults:4: v_misc_24, vaults_dpeg_diagonal, v_alt_pattern_3,
          vaults_mumra_minichess_inversion, hangedman_vaults_cutoff,
          ontoclasm_vaults_idyll, nicolae_vaults_weapon_check,
          nicolae_vaults_ring_of_whatevers, nicolae_vaults_trapezoid_2,
          nicolae_vaults_double_plus_2, nicolae_vaults_house_1,
          nicolae_vaults_sealed_display, vaults_dpeg_ring,
          nicolae_vaults_double_plus_1, layout_vaults_chaotic_city,
          serial_shops, shop
Vaults:5: serial_shops

Skill      XL: |  1  2  3  4  5  6  7  8  9 10 11 12 13 14 15 16 17 18 19 20 21 |
---------------+----------------------------------------------------------------+-----
Axes           | 4 5 7 8 9 11 14 16 18 20 21 23 24 | 24.3
Stealth        | 1 |  1.2
Fighting       | 5 10 14 15 16 19 22 24 26 27 | 27.0
Armour         | 4 7 10 11 12 16 18 20 22 24 26 | 26.6
Dodging        | |  2.1
Shields        | |  0.6
Evocations     | |  0.6

Action                     |  1- 3 |  4- 6 |  7- 9 | 10-12 | 13-15 | 16-18 | 19-21 || total
---------------------------+-------+-------+-------+-------+-------+-------+-------++-------
  Melee: Hand axe          |    89 |   113 |    63 |       |       |       |       ||   265
         Headbutt          |     6 |    11 |    30 |    84 |    77 |   181 |   172 ||   561
         Punch             |     1 |     3 |     1 |     2 |       |       |       ||     7
         War axe           |       |       |   162 |   334 |       |       |       ||   496
         Battleaxe         |       |       |       |   136 |   468 |   963 |   676 ||  2243
 Invoke: Berserk           |       |     4 |     5 |     4 |    10 |     6 |     6 ||    35
         Trog's Hand       |       |     1 |     1 |       |     2 |     4 |     6 ||    14
         Brothers in Arms  |       |       |       |       |     1 |       |     1 ||     2
  Evoke: Phial of floods   |       |       |       |       |       |     1 |     1 ||     2
    Use: Scroll            |     4 |     5 |    12 |    10 |    11 |    12 |    22 ||    76
         Potion            |       |     3 |     1 |     2 |     6 |    11 |    16 ||    39
   Stab: Distracted        |       |       |       |       |     1 |     1 |       ||     2
         Invisible         |       |       |       |       |       |       |     6 ||     6
 Armour: Scale mail        |    17 |       |       |       |       |       |       ||    17
         Chain mail        |    19 |    58 |   137 |       |       |       |       ||   214
         Plate armour      |       |       |     3 |   241 |   303 |  1036 |   488 ||  2071
  Dodge: Dodged            |    49 |    43 |    90 |   131 |   183 |   524 |   227 ||  1247
  Block: Other             |       |       |    18 |    88 |    89 |   243 |   122 ||   560
         Reflection        |       |       |     1 |     2 |     7 |     9 |    18 ||    37
